 Dungeon Crawl Stone Soup version bcrawl-1.36.1 (webtiles) character file.

Game seed: 3101883555160158327

10437704 MordorOrchid the Sorcerer (level 27, 222/222 HPs)
             Began as a Fairy Ice Elementalist on May 30, 2020.
             Was the Champion of Ashenzari.
             Got out of the dungeon
             ... with 3 runes on May 12, 2022!
             The game lasted 08:37:21 (48271 turns).

MordorOrchid the Sorcerer (Fairy Ice Elementalist) Turns: 48271, Time: 08:37:22

Health: 222/222    AC: 37    Str:  6    XL:     27
Magic:  36/36      EV: 39    Int: 28    God:    Ashenzari [******]
Gold:   1087       SH: 35    Dex: 18    Spells: 4/70 levels left

rFire    + . .     SeeInvis +   a - +9 whip (distort) (curse)
rCold    + + .     Gourm    .   X - +6 medium shield {rC+ rF+} (curse)
rNeg     + . .     Faith    .   (armour unavailable)
rPois    ∞         Spirit   .   A - +2 helmet {Int+3} (curse)
rElec    +         Reflect  .   J - +2 cloak {rC+} (curse)
rCorr    .         Clarity  +   (gloves currently unavailable)
MR       +++..                  (boots currently unavailable)
Stlth    +++.......             D - amulet of Brilliance {Acrobat +Blink MR+ Dex+2 Stlth+} (curse)
HPRegen  0.47/turn              Y - ring of Phasing {EV+8}
MPRegen  0.25/turn              K - ring of wizardry (curse)

@: statue-form, studying Dodging, very slow
A: small, magic attunement, unstealthy, unfitting armour, fangs 1,
[deterioration 2], [dopey 2], [low mp 3], wild magic 1, [subdued magic 2], able
to fly, AC/SH +12
}: 3/15 runes: barnacled, slimy, gossamer
a: Fly, End Transformation, Curse Item, Scrying, Transfer Knowledge, Renounce
Religion, Evoke Blink


You escaped.
You worshipped Ashenzari.
Ashenzari was exalted by your worship.
You were not hungry.
You were a stone statue.
You visited 10 branches of the dungeon, and saw 41 of its levels.
You visited Pandemonium 1 time, and saw 6 of its levels.
You visited the Abyss 2 times.
You visited 2 bazaars.
You visited 1 ziggurat, and saw 10 of its levels.
You also visited: Trove, Ice Cave and Wizlab.

You collected 6592 gold pieces.
You spent 5505 gold pieces at shops.

Inventory:

Hand Weapons
 a - a cursed +9 whip of distortion (weapon)
Missiles
 n - 3122 arrows
 x - a throwing net {!f}
 F - 134 poisoned tomahawks (quivered)
Armour
 i - a +1 pair of boots of flying (melded)
 A - a cursed +2 helmet of intelligence (worn)
 J - a cursed +2 cloak of cold resistance (worn)
 N - a cursed +2 pair of gloves of archery (melded)
 X - a cursed +6 medium shield of resistance (worn)
Jewellery
 D - the cursed amulet of Brilliance (around neck) {Acrobat +Blink MR+ Dex+2 Stlth+}
   (You found it on level 7 of a ziggurat)

   [amulet of the acrobat]

   It helps you evade while moving and waiting.
   It affects your dexterity (+2).
   It affects your resistance to hostile enchantments.
   It lets you blink.
   It makes you more stealthy.
   It has a curse placed upon it.
 K - a cursed ring of wizardry (right hand)
 O - an uncursed ring of protection from fire
 Q - an uncursed ring of insulation
 T - the ring "Yprineut" {rPois Int+3 Slay+2}
   (You found it on level 3 of the Shoals)

   [ring of poison resistance]

   It affects your intelligence (+3).
   It affects your accuracy and damage with ranged weapons and melee attacks
   (+2).
   It protects you from poison.
 Y - the ring of Phasing (left hand) {EV+8}
   (You found it on level 5 of the Pits of Slime)

   [ring of evasion]

   It affects your evasion (+8).
Wands
 b - a wand of iceblast (71)
 g - a wand of polymorph (42)
 h - a wand of clouds (6)
 l - a wand of acid (23)
 s - a wand of digging (3)
 B - a wand of charming (19)
 E - a wand of scattershot (2)
 P - a wand of paralysis (33)
Scrolls
 o - 14 scrolls of remove curse
 q - a scroll of enchant armour
 t - 7 scrolls of fog
 u - 7 scrolls of immolation
 v - a scroll of amnesia
 G - 21 scrolls of teleportation
 I - 13 scrolls of fear
 L - 5 scrolls of magic mapping
 R - 4 scrolls of summoning
 V - 12 scrolls of blinking
Potions
 c - 7 potions of haste
 j - 6 potions of ambrosia
 k - 2 potions of agility
 m - 18 potions of curing
 r - 2 potions of magic
 H - 9 potions of heal wounds
 U - a potion of invisibility
 W - 6 potions of mutation
 Z - 2 potions of brilliance
Miscellaneous
 d - a lightning rod (4/4)
 f - 4 sacks of spiders
 y - 3 phantom mirrors
 z - 3 boxes of beasts
 S - a lamp of fire
Comestibles
 e - 73 rations {!d}


   Skills:
 - Level 10.0 Fighting
 - Level 3.0(7.9) Maces & Flails
 - Level 17.6(20.2) Dodging
 - Level 2.0(4.9) Stealth
 * Level 21.5(24.0) Shields
 - Level 22.0 Spellcasting
 - Level 20.3(22.8) Conjurations
 - Level 2.0(4.7) Charms
 - Level 10.2(13.5) Summonings
 - Level 6.9(10.6) Necromancy
 - Level 10.2(13.5) Translocations
 - Level 4.0(7.4) Transmutations
   Level 5.8(9.3) Fire Magic
 - Level 20.5(23.1) Ice Magic
 - Level 12.6(15.7) Earth Magic
 - Level 6.9(10.5) Evocations


You had 4 spell levels left.
You knew the following spells:

 Your Spells              Type           Power        Failure   Level  Hunger
h - Bolt of Cold          Conj/Ice       #######...   1%          6    None
j - Summon Lightning Spi  Summ/Air       ######..     2%          5    None
k - Regeneration          Chrm/Necr      ######....   1%          3    None
l - Glaciate              Conj/Ice/Air   #######...   21%         8    None
m - Sublimation of Blood  Necr           ######....   1%          2    None
t - Sticks to Snakes      Tmut           ######..     1%          2    None
v - Lee's Rapid Deconstr  Erth           #######...   1%          5    None
w - Passwall              Tmut/Erth      ######..     1%          2    None
y - Ozocubu's Armour      Chrm/Ice       ######..     1%          3    None
z - Apportation           Tloc           ######       0%          1    None
D - Petrify               Tmut/Erth      ######....   1%          4    None
E - Borgnjor's Vile Clut  Necr/Erth      ######....   1%          6    None
R - Ozocubu's Refrigerat  Ice            #######...   1%          6    None
S - Malign Gateway        Summ/Tloc      ######....   6%          7    None
Y - Statue Form           Tmut/Erth      ######...    2%          6    None

Your spell library contained the following spells:

 Spells                   Type           Power        Failure   Level  Hunger
 Blink Other              Tloc           ######       0%          1    None
 Flame Tongue             Conj/Fire      #####        0%          1    None
 Freeze                   Ice            ######       0%          1    None
 Magic Dart               Conj           ####         0%          1    None
 Sandblast                Erth           ######       0%          1    None
 Summon Butterflies       Summ           ######..     0%          1    None
 Summon Small Mammal      Summ           ####         0%          1    None
 Searing Ray              Conj           #######.     0%          2    None
 Throw Frost              Conj/Ice       ######       0%          2    None
 Conjure Flame            Conj/Fire      #######.     0%          3    None
 Iskenderun's Mystic Bla  Conj           #######.     0%          3    None
 Stone Arrow              Conj/Erth      ######       0%          3    None
 Throw Icicle             Conj/Ice       #######.     0%          4    None
 Animate Skeleton         Necr           N/A          1%          1    None
 Beastly Appendage        Tmut           ######       1%          1    None
 Corona                   Hex            ####...      1%          1    None
 Infusion                 Chrm           #####...     1%          1    None
 Pain                     Necr           ######       1%          1    None
 Shock                    Conj/Air       #####        1%          1    None
 Sting                    Conj/Pois      ####         1%          1    None
 Blink                    Tloc           N/A          1%          2    None
 Call Imp                 Summ           ######       1%          2    None
 Ensorcelled Hibernation  Hex/Ice        ######       1%          2    None
 Flaming Arrows           Chrm/Fire      ######..     1%          2    None
 Song of Slaying          Chrm           #####...     1%          2    None
 Swiftness                Chrm/Air       #####...     1%          2    None
 Beckoning                Tloc           ######....   1%          3    None
 Call Canine Familiar     Summ           ######..     1%          3    None
 Dazzling Orbs            Conj/Hex       ######.      1%          3    None
 Ignite Poison            Fire/Tmut/Pois ######..     1%          3    None
 Inner Flame              Hex/Fire       N/A          1%          3    None
 Mephitic Cloud           Conj/Pois/Air  ######..     1%          3    None
 Portal Projectile        Tloc           ######       1%          3    None
 Recall                   Summ/Tloc      N/A          1%          3    None
 Spectral Weapon          Hex/Chrm       #####...     1%          3    None
 Spider Form              Tmut/Pois      ###          1%          3    None
 Teleport Other           Tloc           ######..     1%          3    None
 Vampiric Draining        Necr           ######....   1%          3    None
 Agony                    Necr           ######..     1%          4    None
 Animate Dead             Necr           N/A          1%          4    None
 Fulminant Prism          Conj/Hex       ######....   1%          4    None
 Ice Form                 Ice/Tmut       #######.     1%          4    None
 Sticky Flame             Conj/Fire      #######.     1%          4    None
 Summon Ice Beast         Ice/Summ       #######.     1%          4    None
 Summon Scorpions         Summ/Pois      ######..     1%          4    None
 Poisonous Vapours        Pois/Air       ####..       2%          2    None
 Yara's Violent Unravell  Hex/Tmut       #####.....   3%          4    None
 Confuse                  Hex            ####....     4%          3    None
 Static Discharge         Air            ####....     4%          3    None
 Tukima's Dance           Hex            ####....     4%          3    None
 Airstrike                Air            ####......   16%         4    None
 Olgreb's Toxic Radiance  Pois           ####.....    16%         4    None
 Bolt of Draining         Conj/Necr      #######...   1%          5    None
 Bolt of Magma            Conj/Fire/Erth #######...   1%          5    None
 Fireball                 Conj/Fire      #######...   1%          5    None
 Irradiate                Conj/Tmut      #######...   1%          5    None
 Iskenderun's Battlesphe  Conj/Chrm      ######..     1%          5    None
 Lightning Bolt           Conj/Air       ######....   1%          5    None
 Metabolic Englaciation   Hex/Ice        ######....   1%          5    None
 Passage of Golubria      Tloc           N/A          1%          5    None
 Venom Bolt               Conj/Pois      ######....   1%          5    None
 Iron Shot                Conj/Erth      #######...   1%          6    None
 Simulacrum               Ice/Necr       #######...   1%          6    None
 Summon Hydra             Summ           ######....   1%          6    None
 Icicle Burst             Conj/Ice       #######...   1%          7    None
 Orb of Destruction       Conj           #######...   1%          7    None
 Spellforged Servitor     Conj/Summ      #######...   1%          7    None
 Blade Hands              Tmut           ######....   2%          5    None
 Summon Mana Viper        Hex/Summ       ######..     2%          5    None
 Freezing Cloud           Ice/Air        ######....   2%          6    None
 Lehudib's Crystal Spear  Conj/Erth      #######...   4%          8    None
 Monstrous Menagerie      Summ           ######....   6%          7    None
 Summon Greater Demon     Summ           ######....   6%          7    None
 Piercing Shot            Chrm           #####.....   7%          5    None
 Haunt                    Necr/Summ      ######....   11%         7    None
 Death Channel            Chrm/Necr      ######....   12%         6    None
 Mana Rupture             Conj/Hex       ######....   12%         7    None
 Silence                  Hex/Air        ####......   36%         5    None
 Summon Horrible Things   Summ           ######....   41%         8    None
 Infestation              Hex/Tmut/Pois  #####....    61%         6    None
 Deflect Missiles         Chrm/Air       #####.....   65%         6    None
 Chain Lightning          Conj/Air       ######....   65%         8    None
 Invisibility             Hex            ####....     89%         6    None
 Fire Storm               Conj/Fire      #######...   91%         9    None
 Time Stop                Chrm/Tloc      N/A          93%         8    None
 Shatter                  Erth           #######...   94%         9    None
 Discord                  Hex            ####......   100%        7    None


Dungeon Overview and Level Annotations

Branches:
Dungeon (12/12)            Temple (1/1) D:5            Lair (6/6) D:7
 Shoals (3/3) Lair:4       Spider (3/3) Lair:2        Slime (5/5) Lair:6
    Orc (1/1) D:10            Elf (3/3) Orc          Vaults (2/3) D:11
  Crypt (0/2) Vaults:2     Depths (5/5) D:12
    Zot: Depths:5

Altars:
Ashenzari
Cheibriados
Dithmenos
Elyvilon
Fedhas
Gozag
Hepliaklqana
Kikubaaqudgha
Lugonu
Makhleb
Nemelex Xobeh
Okawaru
Qazlal
Ru
Sif Muna
Trog
Uskayaw
Vehumet
Wu Jian
Xom
Yredelemnul
Zin
The Shining One
Beogh
Jiyva

Shops:
D:4 *   D:7 (   D:9 (   D:10 !   Orc [[=?[??[   Elf:2 [[%   Shoals:2 =
Vaults:1 !   Vaults:2 *(((*   Depths:2 [

Portals:
Hell: Depths:1 Depths:2 Depths:3 Depths:4 Depths:5
Abyss: Depths:3 Depths:4 Depths:5
Pandemonium: Depths:5

Annotations:
D:6 1 runed translucent door, yrara's ghost, novice DsFi
Shoals:3 1 runed translucent door, MisterOstroum's ghost, journeyman OpVM
Depths:2 1 runed translucent door, Ubraesch's ghost, adept TrMo


Innate Abilities, Weirdness & Mutations

Your spells do not cause hunger and MP costs are reduced by 1.
Your bright wings attract enemies. (Stealth-)
You cannot fit into any form of body armour.
((Your shimmering scales are hard and can block incoming attacks. (AC +12, SH +12)))
You are small and have problems with some larger weapons.
You can fly continuously.
You have very sharp teeth.
Your spells are a little harder to cast, but a little more powerful.
[Your body often deteriorates upon taking damage.]
[You are very dopey. (Int -4)]
[Your magical capacity is extremely low. (-30% MP)]
[Your spells are easier to cast, but less powerful.]


Message History

There is a stone staircase leading up here.
You climb upwards.
There is a stone staircase leading down here.
There is a stone staircase leading up here.
You climb upwards.
There is a stone staircase leading down here.
You see here a +0 battleaxe.
There is a stone staircase leading up here.
You climb upwards.
There is a stone staircase leading down here.
(D) Dungeon (T) Temple (L) Lair (A) Shoals (N) Spider Nest (M) Slime Pits (O) Orcish Mines (E) Elven Halls (V) Vaults (C) Crypt (U) Depths (H) Hell
Where to? (Enter - D:1, ? - help)
Okay, then.
Unknown command.
There is an open door here.
There is a staircase leading out of the dungeon here.
Are you sure you want to leave the Dungeon?
This will make you lose the game!
You have escaped!

................###..............
.###########.######.##.###.###.##
.........# #.# ##...#.# #.# #.##
########.# #.####.###..###.# #...
#.# #......# #......# #### #.#
#.####.###..##### #.# #.#
#.....#.# #.# #.# #'#.###.# #.#
#.###8#..##.# #.###...#+#.....#
#......##..).#### #..###.####.##
#..# #.# #.# ##.###.# #.#
#.....####.# ##.........#
#...#######


There were no monsters in sight!

Vanquished Creatures
  the Royal Jelly (Slime:5)
  3 juggernauts
  An ancient lich (Depths:3)
  2 pandemonium lords
  Sojobo (Vaults:1)
  2 Killer Klowns
  Bai Suzhen (Elf:3)
  2 golden dragons (Depths:4)
  Frederick (Vaults:1)
  A bone dragon (Abyss:2)
  A tentacled monstrosity (Depths:4)
  An Ice Fiend (IceCv)
  4 liches
  2 titans
  A quicksilver dragon (Depths:5)
  2 deep elf master archers (Elf:3)
  2 deep elf blademasters (Elf:3)
  A kraken (Shoals:3)
  11 acid blobs
  2 ancient champions
  A tentacled starspawn (Abyss:2)
  2 Executioners
  3 sphinxes
  Agnes (Vaults:1)
  2 nagarajas (Depths:2)
  3 tengu reavers
  A draconian monk (Zig:9)
  9 fire giants
  7 azure jellies
  10 frost giants
  2 juggernaut zombies
  4 deep elf sorcerers (Elf:3)
  An iron dragon (Depths:5)
  2 ghost moths (Spider:3)
  12 vault wardens
  2 draconian scorchers
  A warmonger (Zig:6)
  An orc warlord (Vaults:2)
  A cacodemon (Pan)
  3 emperor scorpions (Spider:3)
  A draconian stormcaller (Zig:9)
  8 ironheart preservers
  A ghoul (Depths:2)
  2 spriggan defenders
  3 deep elf elementalists (Elf:3)
  12 stone giants
  2 war gargoyles
  2 draconian annihilators
  2 entropy weavers
  30 very ugly things
  3 corrupters
  7 deep elf demonologists
  3 vampire knights
  A purple draconian (Depths:2)
  A green draconian (Zig:9)
  A yellow draconian (Zig:9)
  2 minotaurs (Depths:2)
  6 deep elf annihilators
  2 red draconians
  A white draconian (Zig:9)
  2 lorocyprocas
  A dire elephant (shapeshifter) (Depths:1)
  7 spark wasps
  8 deep elf death magi
  Azrael (Orc)
  A blizzard demon (Zig:6)
  2 death oozes (Slime:5)
  A merfolk javelineer (Shoals:1)
  8 ettins
  2 jiangshi (Depths:4)
  4 deep elf high priests
  9 fire dragons
  3 merfolk impalers
  6 yaktaur captains
  Harold (Lair:2)
  6 rakshasas
  6 hydras
  3 spriggan air magi
  9 great orbs of eyes
  7 ice dragons
  A caustic shrike simulacrum (Depths:1)
  7 vault guards
  A ghost crab (Zig:7)
  An anaconda (shapeshifter) (D:12)
  A naga warrior (Depths:2)
  6 merfolk aquamancers
  17 two-headed ogres
  A catoblepas (Lair:6)
  11 centaur warriors
  7 dancing weapons
  4 death yaks (Lair:6)
  7 ogre magi
  A death yak (shapeshifter) (Depths:1)
  7 orc high priests
  2 vampire magi
  3 deep troll earth magi
  2 satyrs
  3 spriggan berserkers
  7 sea snakes
  9 death scarabs
  7 deep troll shamans
  A tengu warrior (Depths:2)
  3 sun demons (Pan)
  A thrashing horror (Abyss:1)
  22 deep trolls
  A wretched star (Abyss:2)
  12 deep elf knights
  Sonja (Orc)
  2 soul eaters (Pan)
  A titan skeleton (Depths:1)
  A sixfirhy (Pan)
  A shadow wraith (Zig:8)
  A storm dragon zombie (Vaults:2)
  9 hell knights
  A spatial maelstrom (Abyss:2)
  A skeletal warrior (Depths:2)
  An unseen horror (shapeshifter) (Vaults:2)
  A spectral emperor scorpion (Spider:3)
  5 iron trolls
  7 glowing orange brains
  6 wizards
  A spriggan druid (Zig:7)
  2 shadow demons (Pan)
  2 unseen horrors
  3 flayed ghosts
  10 deep elf archers
  An infernal demonspawn (Pan)
  A lindwurm (shapeshifter) (Depths:4)
  2 torturous demonspawn (Pan)
  A tengu zombie (Depths:1)
  5 spectral wolf spiders (Spider:3)
  2 lindwurms
  4 phantasmal warriors
  A swamp dragon (D:12)
  6 ironheart convokers
  10 wolf spider zombies
  5 orb spiders
  2 sphinx zombies (Vaults:2)
  3 orc knights (Depths:2)
  5 cyclopes
  14 harpies
  A tengu skeleton (Depths:1)
  3 shining eyes
  9 necromancers
  A wolf spider (shapeshifter) (Depths:5)
  44 deep elf magi
  6 manticores (Shoals:3)
  4 wolf spiders
  3 stone giant zombies (Depths:1)
  4 fauns
  2 fire giant zombies (Depths:1)
  40 ugly things
  2 oklob plants (Lair:2)
  3 moths of wrath
  2 orc sorcerers
  4 human skeletons (Vaults:2)
  A frost giant zombie (Vaults:2)
  A centaur zombie (D:11)
  A guardian serpent (Abyss:2)
  A stone giant skeleton (Depths:1)
  A fire giant skeleton (Zig:4)
  17 elephants
  An apocalypse crab (Abyss:2)
  5 black mambas
  4 water nymphs
  2 merfolk sirens
  2 guardian serpents (shapeshifter)
  A rust devil (Zig:10)
  An orange demon (Pan)
  An ice statue (IceCv)
  4 vault sentinels
  A torpor snail (Lair:6)
  3 naga magi (Depths:2)
  5 smoke demons (Pan)
  2 yaktaur zombies
  A gargoyle (D:10)
  14 cane toads
  An efreet (Abyss:2)
  4 rime drakes
  4 demonic crawlers
  8 komodo dragons
  47 yaktaurs
  3 spectral redbacks (Spider:3)
  7 ice devils (IceCv)
  2 tengu conjurers
  9 freezing wraiths
  7 redback zombies
  6 anaconda simulacra (IceCv)
  3 tormentors
  4 golden dragon simulacra (IceCv)
  An ancient zyme (Abyss:2)
  3 hellwings (Pan)
  A queen bee (shapeshifter) (D:12)
  A silent spectre (Zig:10)
  Grinder (D:6)
  9 merfolk
  2 trolls
  3 meliai (D:12)
  2 meliai (shapeshifter)
  2 polar bears
  2 spectral tarantellas (Spider:3)
  The ghost of Banto the Dormant, an amateur DgWn of Demigod (D:4)
  A tengu simulacrum (Vaults:2)
  A hornet (shapeshifter) (D:12)
  20 jumping spiders
  A wind drake (shapeshifter) (Vaults:2)
  4 jumping spider zombies (Spider:3)
  7 hornets
  7 blink frogs
  6 snapping turtles
  2 spectral jumping spiders (Spider:3)
  34 slime creatures
  4 wind drakes
  3 dream sheep (Shoals:2)
  A blink frog (shapeshifter) (Vaults:2)
  11 tarantella zombies
  An iron dragon simulacrum (Depths:1)
  9 hippogriffs
  3 large abominations
  15 water elementals
  An air elemental (Elf:2)
  A fire dragon skeleton (Depths:1)
  10 tarantellas
  5 vampires
  4 spriggans
  3 dire elephant simulacra (IceCv)
  4 wraiths
  A ynoxinul (Abyss:2)
  41 redbacks
  38 yaks
  7 flying skulls
  9 fire elementals
  A yak (shapeshifter) (Vaults:1)
  A wyvern (Lair:6)
  2 chaos spawn
  A hungry ghost (D:11)
  4 golden eyes (Slime:5)
  A golden eye (shapeshifter) (Depths:5)
  2 neqoxecs
  2 vampire mosquitoes (D:11)
  A death yak simulacrum (IceCv)
  7 wargs
  A yaktaur simulacrum (Depths:1)
  Menkaure (D:7)
  12 crocodiles
  A harpy simulacrum (IceCv)
  An acid dragon (D:11)
  An iron troll simulacrum (IceCv)
  A soldier ant (shapeshifter) (Elf:3)
  A two-headed ogre zombie (D:10)
  A will-o'-wisp (Abyss:1)
  6 water moccasins
  4 hydra simulacra (IceCv)
  A small abomination (Abyss:2)
  9 porcupines
  A deep troll skeleton (Vaults:2)
  Duvessa (D:6)
  5 orc warriors
  2 spectral hornets (Spider:3)
  A black bear (Lair:6)
  4 ice beasts
  2 hornet zombies (Spider:3)
  6 sky beasts
  A fire dragon simulacrum (Depths:1)
  5 eyes of draining
  4 phantoms
  An ettin simulacrum (Vaults:2)
  A necrophage (D:6)
  17 wolves
  6 boggarts
  An eye of draining (shapeshifter) (Depths:2)
  19 ogres
  12 centaurs
  11 bullfrogs
  3 big kobolds
  A bullfrog (shapeshifter) (D:12)
  A human zombie (Vaults:2)
  3 earth elementals
  A gnoll sergeant (D:11)
  Dowan (D:6)
  A wyvern skeleton (D:7)
  A wyvern zombie (D:9)
  A troll zombie (D:10)
  3 wights (D:10)
  6 killer bees (D:7)
  5 howler monkeys
  An electric eel (D:8)
  A bullfrog zombie (D:6)
  5 crimson imps
  3 jellies
  3 draconian simulacra (IceCv)
  4 starcursed masses (Abyss:2)
  4 hounds
  3 bullfrog skeletons
  30 orc priests
  8 orc wizards
  4 centaur skeletons
  4 iguanas
  A spriggan simulacrum (IceCv)
  5 worker ants
  4 hell rats (Lair:3)
  3 troll simulacra (IceCv)
  3 ogre zombies (D:10)
  A centaur simulacrum (IceCv)
  6 mummies (Zig:4)
  A hound zombie (D:4)
  2 hound skeletons (D:4)
  A howler monkey skeleton (D:4)
  10 adders
  3 naga simulacra (IceCv)
  A shadow imp (D:8)
  11 white imps
  6 ufetubi
  An ooze (Lair:6)
  An adder zombie (D:6)
  2 worms (D:2)
  3 dart slugs
  3 leopard geckos
  65 orcs
  4 bats
  5 giant cockroaches
  3 hobgoblins
  10 jackals
  19 kobolds
  5 quokkas
  A ball python (D:2)
  A frilled lizard (D:3)
  2 gnoll zombies (D:7)
  6 goblins
  A goblin zombie (D:10)
  6 hobgoblin zombies (D:10)
  A jackal zombie (D:6)
  2 orc skeletons (D:10)
  12 orc zombies (D:10)
  5 rats
  3 plants (Lair:2)
  A starspawn tentacle (Abyss:2)
  A tentacle (Shoals:3)
1614 creatures vanquished.

Vanquished Creatures (collateral kills)
  A juggernaut (Depths:3)
  An ancient lich (Zig:8)
  2 iron giants
  A lich (Abyss:1)
  A titan (Zig:5)
  7 acid blobs (Slime:5)
  A quicksilver dragon (shapeshifter) (Zig:3)
  An Executioner (Pan)
  2 tentacled starspawn
  A draconian knight (Zig:9)
  3 azure jellies (Slime:5)
  A balrug (Zig:6)
  Donald (Elf:3)
  2 cacodemons (Pan)
  An emperor scorpion (Spider:3)
  A draconian stormcaller (Zig:9)
  An angel (Pan)
  A deep elf elementalist (Elf:3)
  3 very ugly things (Depths:3)
  A blood saint (Pan)
  A war gargoyle (Zig:10)
  A purple draconian (Zig:9)
  2 spark wasps (Depths:3)
  A white draconian (Zig:9)
  A merfolk javelineer (Shoals:3)
  An ettin (Depths:3)
  Snorg (D:11)
  4 death oozes (Slime:5)
  A blizzard demon (Zig:6)
  2 yaktaur captains
  A fire dragon (Vaults:1)
  2 merfolk impalers (Shoals:3)
  A quicksilver dragon zombie (Zig:10)
  3 hydras
  A vault guard (D:10)
  A merfolk avatar (Shoals:3)
  Erica (Orc)
  2 death knights
  4 two-headed ogres
  A deep troll shaman (Depths:3)
  An ogre mage (Vaults:1)
  A sea snake (Shoals:3)
  A deep troll earth mage (Depths:3)
  2 spriggan berserkers (Depths:2)
  A titan zombie (Zig:10)
  3 sun demons (Pan)
  3 wretched stars
  A hell knight (Depths:3)
  A skeletal warrior (Zig:10)
  3 sixfirhies (Pan)
  2 deep trolls
  A swamp dragon (Zig:7)
  An infernal demonspawn (Pan)
  A flayed ghost (Vaults:1)
  A torturous demonspawn (Pan)
  An ironheart convoker (Zig:8)
  A wizard (Zig:8)
  A deep elf archer (Depths:2)
  A wolf spider zombie (Spider:2)
  8 harpies
  A shining eye (shapeshifter) (Zig:8)
  2 ugly things
  2 necromancers
  A manticore (Shoals:3)
  2 deep elf magi
  8 elephants
  An orange demon (Pan)
  2 rust devils (Zig:10)
  2 smoke demons (Pan)
  A demonic crawler (Spider:1)
  4 hellions (Pan)
  2 redback zombies (Spider:2)
  A freezing wraith (Zig:10)
  2 komodo dragons
  An ice devil (Pan)
  2 tormentors (Zig:10)
  4 hellwings (Pan)
  An ancient zyme (Abyss:1)
  5 merfolk
  A hornet (Depths:2)
  3 raiju (Abyss:1)
  3 blink frogs
  3 slime creatures (Slime:5)
  A tarantella zombie (Spider:2)
  A hippogriff (shapeshifter) (Zig:8)
  3 flying skulls (Abyss:1)
  A jumping spider zombie (Spider:3)
  Sigmund (D:5)
  2 wraiths (Zig:10)
  3 spriggans
  A wyvern (Lair:3)
  11 yaks
  3 ynoxinuls (Pan)
  A hungry ghost (D:8)
  2 vampire mosquitoes (D:11)
  A death yak simulacrum (IceCv)
  A warg (Orc)
  A spatial vortex (Zig:6)
  3 will-o'-wisps (Abyss:1)
  A water moccasin (Lair:1)
  A porcupine (Lair:2)
  A swamp drake (Zig:7)
  3 large abominations
  An orc warrior (D:8)
  A black bear (Lair:6)
  A necrophage (Zig:10)
  2 wolves
  3 centaurs
  4 ogres
  A small abomination (Abyss:2)
  3 bullfrogs
  A killer bee (D:7)
  A quasit (Abyss:1)
  An iron imp (Zig:10)
  2 orc priests (Orc)
  A jelly (Lair:6)
  Crazy Yiuf (D:4)
  An iguana (D:11)
  2 hell rats (Lair:3)
  3 ogre zombies (D:10)
  A mummy (Zig:10)
  An adder (D:8)
  An ufetubus (IceCv)
  4 orcs
  A goblin skeleton (D:10)
  A goblin zombie (D:10)
  2 orc zombies (D:10)
  A fungus (Lair:2)
  2 plants
  A starspawn tentacle (Abyss:2)
240 creatures vanquished.

Vanquished Creatures (others)
  A pandemonium lord (Pan)
  35 eldritch tentacles
  3 stone giants
  A vampire knight (Depths:3)
  A deep elf annihilator (Elf:3)
  2 death oozes (Slime:5)
  2 yaktaur captains
  A centaur warrior (Vaults:1)
  A death yak (Lair:6)
  A deep elf knight (Elf:1)
  A deep elf archer (Elf:3)
  2 cyclopes
  A manticore (Shoals:3)
  13 yaktaurs
  A freezing wraith (Zig:8)
  2 hornets (Zig:7)
  A slime creature (Zig:7)
  A chaos spawn (Pan)
  A warg (Orc)
  4 centaurs
  An orc (D:4)
  4 blocks of ice (Depths:3)
  3 fungi
  A lurking horror (Abyss:2)
  10 plants
  2 starspawn tentacles (Abyss:2)
  14 tentacles (Shoals:3)
110 creatures vanquished.

Grand Total: 1964 creatures vanquished

Notes
Turn   | Place    | Note
-------+----------+-------------------------------------------
     0 | D:1      | MordorOrchid the Fairy Ice Elementalist began the quest for
                  | the Orb.
     0 | D:1      | Reached XP level 1. HP: 11/11 MP: 6/6
   208 | D:1      | Reached XP level 2. HP: 17/17 MP: 7/7
   255 | D:1      | Reached skill level 3 in Spellcasting
   538 | D:1      | Reached XP level 3. HP: 20/22 MP: 9/9
   545 | D:1      | Learned a level 2 spell: Throw Frost
   549 | D:1      | Learned a level 3 spell: Ozocubu's Armour
   896 | D:2      | Reached XP level 4. HP: 27/27 MP: 6/11
  1413 | D:3      | Reached skill level 1 in Fighting
  1574 | D:3      | Reached XP level 5. HP: 33/33 MP: 10/12
  1583 | D:3      | Learned a level 4 spell: Throw Icicle
  1969 | D:3      | Reached skill level 4 in Spellcasting
  2367 | D:4      | Noticed a centaur
  2379 | D:4      | Killed a centaur
  2379 | D:4      | Reached skill level 1 in Shields
  2379 | D:4      | Reached skill level 5 in Ice Magic
  2428 | D:4      | Noticed a yak
  2463 | D:4      | Killed a yak
  2463 | D:4      | Reached skill level 1 in Charms
  2463 | D:4      | Reached XP level 6. HP: 38/38 MP: 4/15
  2492 | D:4      | Reached skill level 5 in Spellcasting
  2500 | D:4      | Found a transporter.
  2501 | D:4      | Noticed Banto's ghost (amateur DgWn)
  2511 | D:4      | Found a transporter.
  2579 | D:4      | Killed Banto's ghost
  2579 | D:4      | Reached XP level 7. HP: 37/44 MP: 2/17
  2775 | D:4      | Found Zischuli's Elemental Accessories.
  2931 | D:4      | Found a shimmering blue altar of Sif Muna.
  2957 | D:4      | Found a runed door.
  2966 | D:4      | Learned a level 4 spell: Summon Ice Beast
  2972 | D:4      | Noticed Crazy Yiuf
  2976 | D:4      | Killed Crazy Yiuf
  3018 | D:5      | Entered Level 5 of the Dungeon
  3087 | D:5      | Reached skill level 6 in Spellcasting
  3088 | D:5      | Reached XP level 8. HP: 34/50 MP: 8/19
  3094 | D:5      | Reached skill level 5 in Dodging
  3202 | D:5      | Found a staircase to the Ecumenical Temple.
  3205 | D:5      | Noticed Sigmund
  3245 | D:5      | Killed Sigmund
  3316 | Temple   | Entered the Ecumenical Temple
  3678 | Temple   | Became a worshipper of Ashenzari the Shackled
  4334 | D:6      | Noticed Duvessa
  4334 | D:6      | Noticed Dowan
  4348 | D:6      | Killed Duvessa
  4394 | D:6      | Killed Dowan
  4394 | D:6      | Reached skill level 5 in Conjurations
  4434 | D:6      | Noticed a slime creature
  4446 | D:6      | Killed a slime creature
  4569 | D:6      | Reached XP level 9. HP: 53/54 MP: 10/20
  4639 | D:6      | Reached skill level 5 in Shields
  4662 | D:6      | Found a runed translucent door.
  4669 | D:6      | Noticed yrara's ghost (novice DsFi)
  4722 | D:6      | Noticed Edmund
  4748 | D:6      | Noticed Edmund
  4748 | D:6      | Edmund changed into Edmund the porcupine
  4750 | D:6      | Killed Edmund the porcupine
  4805 | D:6      | Found a burning altar of Makhleb.
  4827 | D:6      | Found a snail-covered altar of Cheibriados.
  4829 | D:6      | Found an opulent altar of Gozag.
  4834 | D:6      | Reached * piety under Ashenzari
  4889 | D:6      | Noticed Grinder
  4897 | D:6      | Killed Grinder
  5039 | D:7      | Noticed Menkaure
  5056 | D:7      | Killed Menkaure
  5078 | D:7      | Found an ornate altar of the Wu Jian Council.
  5138 | D:7      | Found a staircase to the Lair.
  5229 | D:7      | Found Maskaot's Weapon Emporium.
  5576 | D:7      | Reached XP level 10. HP: 60/60 MP: 5/21
  5600 | D:7      | Found a shadowy altar of Dithmenos.
  5612 | D:7      | Found a shimmering altar of Xom.
  5612 | D:7      | Found a corrupted altar of Lugonu.
  5621 | D:7      | Found a blossoming altar of Fedhas.
  5625 | D:7      | Found a hide-covered altar of Uskayaw.
  5719 | D:7      | Found a basalt altar of Yredelemnul.
  5813 | D:7      | Reached skill level 10 in Ice Magic
  6377 | D:8      | Noticed a centaur warrior
  6379 | D:8      | Noticed a cyan ugly thing
  6380 | D:8      | Killed a centaur warrior
  6380 | D:8      | Reached skill level 1 in Evocations
  6385 | D:8      | Killed a cyan ugly thing
  6604 | D:8      | Reached skill level 7 in Spellcasting
  6693 | D:8      | Reached XP level 11. HP: 64/66 MP: 9/23
  6864 | D:8      | Found a hazy altar of Hepliaklqana.
  6870 | D:8      | Found a sacrificial altar of Ru.
  7047 | D:9      | Reached skill level 1 in Maces & Flails
  7095 | D:9      | Found Gyhyn's Antique Weapon Shoppe.
  7268 | D:9      | Learned a level 2 spell: Sticks to Snakes
  7378 | D:9      | Reached skill level 8 in Spellcasting
  7512 | D:10     | Entered Level 10 of the Dungeon
  7518 | D:10     | Noticed a two-headed ogre
  7523 | D:10     | Killed a two-headed ogre
  7524 | D:10     | Found Macuw's Distillery.
  7549 | D:10     | Bought a potion of heal wounds for 70 gold pieces
  7549 | D:10     | Bought a potion of invisibility for 112 gold pieces
  7549 | D:10     | Bought a potion of haste for 140 gold pieces
  7669 | D:10     | Noticed a white ugly thing
  7677 | D:10     | Killed a white ugly thing
  7677 | D:10     | Reached skill level 10 in Conjurations
  7939 | D:10     | Found a staircase to the Orcish Mines.
  8356 | D:10     | Reached ** piety under Ashenzari
  8411 | D:10     | Found a burning altar of Makhleb.
  8413 | D:10     | Noticed a blizzard demon
  8490 | D:11     | Noticed a centaur warrior
  8598 | D:11     | Noticed a cyclops
  8602 | D:11     | Killed a cyclops
  8602 | D:11     | Reached skill level 9 in Spellcasting
  8605 | D:11     | Noticed a manticore
  8611 | D:11     | Noticed a swamp dragon
  8611 | D:11     | a manticore changed into a swamp dragon
  8616 | D:11     | Noticed a vault guard
  8616 | D:11     | Noticed a vault guard
  8620 | D:11     | Noticed a vault guard
  8708 | D:11     | Noticed a two-headed ogre
  8713 | D:11     | Learned a level 4 spell: Ice Form
  8721 | D:11     | Killed a two-headed ogre
  8721 | D:11     | Reached skill level 1 in Summonings
  8721 | D:11     | Reached skill level 1 in Transmutations
  8802 | D:11     | Learned a level 2 spell: Passwall
  8813 | D:11     | Noticed a white ugly thing
  8822 | D:11     | Killed a white ugly thing
  8829 | D:11     | Killed a centaur warrior
  8957 | D:11     | Reached skill level 1 in Earth Magic
  9027 | D:10     | Killed a vault guard
  9027 | D:10     | Reached XP level 12. HP: 55/74 MP: 6/27
  9144 | D:11     | Learned a level 3 spell: Regeneration
  9208 | D:11     | Killed a vault guard
  9229 | D:11     | Noticed a vault guard
  9274 | D:10     | Killed a vault guard
  9274 | D:10     | Reached skill level 10 in Spellcasting
  9872 | D:11     | Noticed a two-headed ogre
  9921 | D:10     | Killed a vault guard
 10034 | D:11     | Killed a two-headed ogre
 10062 | D:11     | Noticed a five-headed hydra
 10067 | D:11     | Killed a five-headed hydra
 10074 | D:11     | Found a gate to the Vaults.
 10276 | D:11     | Noticed an eight-headed hydra
 10412 | D:11     | Killed an eight-headed hydra
 10412 | D:11     | Reached skill level 10 in Dodging
 10532 | D:11     | Noticed a death knight
 10646 | D:11     | Killed a death knight
 10754 | D:11     | Noticed a two-headed ogre
 10758 | D:11     | Killed a two-headed ogre
 10974 | D:12     | Entered Level 12 of the Dungeon
 11049 | D:10     | Learned a level 5 spell: Lee's Rapid Deconstruction
 11050 | Orc      | Entered the Orcish Mines
 11050 | Orc      | Found Moivatoa's Magic Scroll Shop.
 11060 | Orc      | Bought a scroll of teleportation for 33 gold pieces
 11060 | Orc      | Bought a scroll of teleportation for 33 gold pieces
 11060 | Orc      | Bought a scroll of blinking for 82 gold pieces
 11060 | Orc      | Bought a scroll of teleportation for 33 gold pieces
 11060 | Orc      | Bought a scroll of fear for 38 gold pieces
 11060 | Orc      | Bought a scroll of fear for 38 gold pieces
 11060 | Orc      | Bought a scroll of identify for 22 gold pieces
 11060 | Orc      | Bought 3 scrolls of identify for 66 gold pieces
 11060 | Orc      | Bought a scroll of identify for 22 gold pieces
 11116 | Orc      | Found Koen's Armour Emporium.
 11132 | Orc      | Reached *** piety under Ashenzari
 11144 | Orc      | Found Wuletike's Magic Scroll Boutique.
 11164 | Orc      | Reached XP level 13. HP: 79/79 MP: 21/29
 11183 | Orc      | Bought a scroll of teleportation for 51 gold pieces
 11183 | Orc      | Bought a scroll of teleportation for 51 gold pieces
 11279 | Orc      | Reached skill level 11 in Spellcasting
 11419 | Orc      | Noticed Sonja
 11487 | Orc      | Found Caytube's Antique Armour Shop.
 11507 | Orc      | Reached skill level 5 in Earth Magic
 11618 | Orc      | Killed Sonja
 11880 | Orc      | Noticed Azrael
 11994 | Orc      | Killed Azrael
 11994 | Orc      | Reached skill level 12 in Spellcasting
 12045 | Orc      | Noticed Erica
 12057 | Orc      | Killed Erica
 12074 | Orc      | Bought a glowing buckler for 195 gold pieces
 12468 | Orc      | Found Zuewnel's Armour Emporium.
 12468 | Orc      | Found Wuill's Jewellery Shop.
 12494 | Orc      | Found a roughly hewn altar of Beogh.
 12511 | Orc      | Found Hush's Magic Scroll Emporium.
 12511 | Orc      | Found Hanoopy's Armour Shop.
 12541 | Orc      | Bought a scroll of teleportation for 48 gold pieces
 12541 | Orc      | Bought a scroll of teleportation for 48 gold pieces
 12541 | Orc      | Bought a scroll of teleportation for 48 gold pieces
 12556 | Orc      | Bought a +0 helmet of intelligence for 172 gold pieces
 12595 | Orc      | Found a staircase to the Elven Halls.
 12741 | Lair:1   | Entered Level 1 of the Lair of Beasts
 12778 | Lair:1   | Reached skill level 13 in Spellcasting
 12825 | Lair:1   | Reached skill level 5 in Fighting
 13187 | Lair:1   | Reached skill level 1 in Necromancy
 13209 | Lair:1   | Identified the +9 falchion of Mourning {antimagic, rF-
                  | Int+3 Dex+5}
 13339 | Lair:2   | Reached **** piety under Ashenzari
 13559 | Lair:2   | Noticed Harold
 13576 | Lair:2   | Killed Harold
 13647 | Lair:2   | Reached XP level 14. HP: 90/90 MP: 7/33
 13786 | Lair:2   | Found a hole to the Spider Nest.
 13931 | Lair:2   | Found an opulent altar of Gozag.
 14757 | Lair:4   | Reached ***** piety under Ashenzari
 14858 | Lair:4   | Learned a level 5 spell: Iskenderun's Battlesphere
 15161 | Lair:4   | Reached skill level 14 in Spellcasting
 15259 | Lair:4   | Found a staircase to the Shoals.
 16052 | Lair:6   | Entered Level 6 of the Lair of Beasts
 16072 | Lair:6   | Reached skill level 15 in Spellcasting
 16396 | Lair:6   | Found a viscous altar of Jiyva.
 16398 | Lair:6   | Found a staircase to the Slime Pits.
 16399 | Lair:6   | Found a viscous altar of Jiyva.
 16516 | Lair:6   | Reached XP level 15. HP: 99/99 MP: 7/36
 16830 | Lair:6   | Reached skill level 15 in Dodging
 17321 | Shoals:1 | Entered Level 1 of the Shoals
 17534 | Shoals:1 | Reached ****** piety under Ashenzari
 17546 | Shoals:1 | Learned a level 4 spell: Petrify
 17717 | Shoals:2 | Reached skill level 10 in Fighting
 18197 | Shoals:2 | Found Oxzonn's Jewellery Emporium.
 18215 | Shoals:2 | Bought a cursed ring of attention for 94 gold pieces
 18359 | Shoals:3 | Entered Level 3 of the Shoals
 18373 | Shoals:3 | Found a runed translucent door.
 18373 | Shoals:3 | Found a shimmering altar of Xom.
 18373 | Shoals:3 | Identified the +9 demon trident "Ogrebane" {chaos, Fragile
                  | rElec Stlth+}
 18373 | Shoals:3 | Noticed MisterOstroum's ghost (journeyman OpVM)
 18400 | Shoals:3 | Found a frozen archway.
 18406 | IceCv    | Entered an ice cave
 20194 | IceCv    | Noticed an Ice Fiend
 20203 | IceCv    | Killed an Ice Fiend
 20443 | IceCv    | Identified the +0 hat "Kirarghe" {rC++ Stlth+}
 20444 | IceCv    | Identified the ring "Vuil" {*Slow rN+ Str+3 Int+2 Stlth+}
 20563 | Shoals:3 | Identified the amulet of Jakyo {Gourm rPois rN+ Int+3}
 20628 | Shoals:3 | Reached XP level 16. HP: 105/109 MP: 6/37
 20882 | Shoals:3 | Reached skill level 16 in Spellcasting
 21161 | Shoals:3 | Identified the +10 long sword of Mourning {venom, rElec rF-
                  | rC- Str+7}
 21181 | Shoals:3 | Noticed a frost giant
 21191 | Shoals:3 | Killed a frost giant
 21369 | Shoals:3 | Identified the ring "Yprineut" {rPois Int+3 Slay+2}
 21468 | Shoals:3 | Got a barnacled rune of Zot
 21519 | Shoals:3 | Noticed a kraken
 21555 | Shoals:3 | Killed a kraken
 22055 | Lair:4   | Upgraded the game from bcrawl-1.23 to bcrawl-1.23.3
 22062 | Lair:4   | Learned a level 6 spell: Ozocubu's Refrigeration
 22240 | Spider:1 | Entered Level 1 of the Spider Nest
 22430 | Spider:1 | Reached skill level 17 in Spellcasting
 23098 | Spider:2 | Reached skill level 15 in Ice Magic
 23364 | Spider:3 | Entered Level 3 of the Spider Nest
 23366 | Spider:3 | Reached XP level 17. HP: 80/115 MP: 29/40
 23449 | Spider:3 | Identified a scroll of acquirement
 24619 | Spider:3 | Learned a level 6 spell: Bolt of Cold
 24810 | Spider:3 | Reached skill level 18 in Spellcasting
 24849 | Spider:3 | Got a gossamer rune of Zot
 25666 | Slime:1  | Entered Level 1 of the Pits of Slime
 25666 | Slime:1  | Noticed an acid blob
 25670 | Slime:1  | Killed an acid blob
 25687 | Slime:1  | Noticed an acid blob
 25690 | Slime:1  | Killed an acid blob
 25856 | Slime:1  | Noticed an acid blob
 25859 | Slime:1  | Killed an acid blob
 26047 | Slime:3  | Noticed an acid blob
 26049 | Slime:3  | Killed an acid blob
 26111 | Slime:4  | Reached XP level 18. HP: 120/120 MP: 29/42
 26319 | Slime:5  | Entered Level 5 of the Pits of Slime
 26477 | Slime:4  | Learned a level 7 spell: Malign Gateway
 26486 | Slime:4  | Reached skill level 1 in Translocations
 26705 | Slime:5  | Reached skill level 5 in Summonings
 26891 | Slime:5  | Noticed the Royal Jelly
 26948 | Slime:5  | Killed the Royal Jelly
 26948 | Slime:5  | Reached skill level 5 in Translocations
 27230 | Slime:5  | Found the ring of Phasing {EV+8}
 27231 | Slime:5  | Identified the +7 flail of the Three Lives {venom, Str-4
                  | Int+5}
 27232 | Slime:5  | Identified the +6 hunting sling "Ymuemodd" {velocity,
                  | Int+8}
 27232 | Slime:5  | Identified the ring "Maoh" {+Fly SInv}
 27240 | Slime:5  | Identified Sif Muna's Reference Book on the Rocks and
                  | Enhancements
 27259 | Slime:5  | Got a slimy rune of Zot
 27747 | Orc      | Bought a scroll of enchant armour for 82 gold pieces
 27774 | Elf:1    | Entered Level 1 of the Elven Halls
 28285 | Elf:2    | Found a flickering gateway to a bazaar.
 28320 | Elf:2    | Found Ofiorphiu's Food Shop.
 28349 | Bazaar   | Entered a bazaar
 28349 | Bazaar   | Found Wiucs's Assorted Antiques.
 28349 | Bazaar   | Found Xiorru's Magic Scroll Emporium.
 28352 | Bazaar   | Found Donor's Weapon Emporium.
 28357 | Bazaar   | Bought a scroll of teleportation for 30 gold pieces
 28357 | Bazaar   | Bought a scroll of teleportation for 30 gold pieces
 28357 | Bazaar   | Bought a scroll of teleportation for 30 gold pieces
 28357 | Bazaar   | Bought a scroll of blinking for 75 gold pieces
 28367 | Bazaar   | Found Foc Otun's Food Shoppe.
 28371 | Bazaar   | Bought a scroll of teleportation for 51 gold pieces
 28371 | Bazaar   | Bought a scroll of magic mapping for 59 gold pieces
 28386 | Bazaar   | Bought a scroll of brand weapon for 200 gold pieces
 28455 | Elf:2    | Found Detefu's Antique Armour Boutique.
 28460 | Elf:2    | Found Guvozo's Antique Armour Boutique.
 28485 | Elf:2    | Bought a pair of runed boots for 232 gold pieces
 28494 | Elf:2    | Bought a runed scarf for 248 gold pieces
 28535 | Elf:3    | Entered Level 3 of the Elven Halls
 28602 | Elf:3    | Reached XP level 19. HP: 60/126 MP: 16/43
 28650 | Elf:3    | Found a portal to a secret trove of treasure.
 28655 | Elf:3    | Identified the amulet "Vyxul" {Inacc Str+3}
 28731 | Elf:3    | Found a magical portal.
 28920 | WizLab   | Entered The Hall of the Hellbinder
 29029 | Elf:3    | Identified the +1 hand axe of Superiority {chop, *Noise
                  | +Inv Stlth+}
 29323 | Elf:3    | Reached skill level 10 in Shields
 29519 | Elf:3    | Noticed Donald
 29542 | Elf:3    | Noticed a Shadow Fiend
 30354 | Orc      | Bought a scroll of enchant weapon for 120 gold pieces
 30488 | Elf:3    | You paid a toll of a +4 demon trident to enter a treasure
                  | trove
 30489 | Trove    | Entered a treasure trove
 30500 | Trove    | Identified Sif Muna's Guide on the Damaging Birds
 30505 | Trove    | Identified Sif Muna's Incunabulum of Companions and Clay
 30524 | Trove    | Identified the cursed amulet of Oenomania {Inacc rPois
                  | Stlth+}
 30650 | Elf:3    | Noticed Bai Suzhen
 30673 | Elf:3    | Killed Bai Suzhen
 30685 | Elf:3    | Killed Donald
 30868 | Elf:3    | Identified the cursed amulet of Trog's Delight {Inacc Int+6
                  | Stlth-}
 30871 | Elf:3    | Found the +3 Elemental Staff {rElec rF++ rC++ MR++ AC+5}
 31195 | Elf:1    | Identified the cursed +1 dagger "Pendulum" {pierce, *Noise
                  | rElec Str+4}
 31222 | Orc      | Reached XP level 20. HP: 132/132 MP: 44/44
 31256 | Orc      | Bought a +1 pair of gloves of archery for 198 gold pieces
 31360 | D:12     | Noticed Snorg
 31389 | D:11     | Killed Snorg
 31454 | Vaults:1 | Entered Level 1 of the Vaults
 31872 | Vaults:1 | Reached XP level 21. HP: 104/137 MP: 7/45
 32380 | Vaults:1 | Reached skill level 15 in Shields
 32495 | Vaults:1 | Found Xiosesu's Distillery.
 32516 | Vaults:1 | Bought a potion of heal wounds for 70 gold pieces
 32516 | Vaults:1 | Bought a potion of heal wounds for 70 gold pieces
 32516 | Vaults:1 | Bought a potion of haste for 140 gold pieces
 32583 | Vaults:1 | Identified the ring "Bappuph" {Ice SInv}
 32943 | Vaults:1 | Noticed Agnes
 32946 | Vaults:1 | Noticed Sojobo
 32952 | Vaults:1 | Reached skill level 10 in Earth Magic
 32965 | Vaults:1 | Killed Agnes
 32965 | Vaults:1 | Reached skill level 5 in Necromancy
 32966 | Vaults:1 | Killed Sojobo
 33299 | Vaults:1 | Noticed Frederick
 33305 | Vaults:1 | Killed Frederick
 33906 | Vaults:2 | Found Kadibru's Antique Weapon Boutique.
 34049 | Vaults:2 | Found Sihos's Assorted Antiques.
 34050 | Vaults:2 | Found Syepua's Weapon Shoppe.
 34063 | Vaults:2 | Bought a slimy medium shield for 304 gold pieces
 34063 | Vaults:2 | Identified the +4 medium shield "Poyr" {rN+} (You bought it
                  | in a shop on level 2 of the Vaults)
 34063 | Vaults:2 | Bought a scroll of fog for 64 gold pieces
 34068 | Vaults:2 | Found Raame's Weapon Emporium.
 34073 | Vaults:2 | Bought 59 arrows for 70 gold pieces
 34232 | Vaults:2 | Found Jisips's General Store.
 34247 | Vaults:2 | Bought a scroll of magic mapping for 52 gold pieces
 34247 | Vaults:2 | Bought a box of beasts for 300 gold pieces
 34525 | Vaults:2 | Reached XP level 22. HP: 143/143 MP: 28/46
 34846 | Vaults:2 | Found a staircase to the Crypt.
 34961 | Vaults:2 | Noticed a juggernaut
 34973 | Vaults:2 | Killed a juggernaut
 35226 | Vaults:2 | Reached skill level 15 in Conjurations
 35331 | Vaults:2 | Reached skill level 19 in Spellcasting
 36331 | Vaults:2 | Learned a level 1 spell: Apportation
 37239 | D:12     | Found a staircase to the Depths.
 37250 | Depths:1 | Entered Level 1 of the Depths
 38209 | Depths:1 | Reached XP level 23. HP: 123/148 MP: 9/48
 39044 | Depths:1 | Found a gateway to Hell.
 39727 | Depths:2 | Reached skill level 20 in Spellcasting
 39876 | Depths:2 | Found Zuokaf's Antique Armour Boutique.
 40219 | Depths:2 | Found a runed translucent door.
 40220 | Depths:2 | Noticed Ubraesch's ghost (adept TrMo)
 40851 | Depths:2 | Identified the +5 scale mail of Joraeha {+Fly MR+++ MP+9
                  | Str-4}
 40899 | Depths:2 | Identified the +9 gold dragon scales "Velof Ude" {rPois rF+
                  | rC+ Regen+}
 41139 | Depths:3 | Noticed a Killer Klown
 41174 | Depths:3 | Killed a Killer Klown
 41521 | Depths:3 | Reached XP level 24. HP: 154/154 MP: 34/49
 41617 | Depths:3 | Noticed a juggernaut
 41623 | Depths:3 | Identified the amulet of the Tarantula {Inacc +Fly Str-2
                  | Int+5}
 41624 | Depths:3 | Found a one-way gate leading to the halls of Pandemonium.
 41737 | Depths:3 | Noticed an ancient lich
 41860 | Depths:2 | Learned a level 8 spell: Glaciate
 41917 | Depths:3 | Killed an ancient lich
 41927 | Depths:3 | Killed a juggernaut
 41927 | Depths:3 | Reached skill level 21 in Spellcasting
 42151 | Depths:3 | Identified the Collected Works on Doomed Feathers
 42383 | Depths:3 | Found a gateway to a ziggurat.
 42557 | Depths:4 | Identified the +3 dagger "Ohimeffi" {elec, *Corrode rN++}
 42564 | Depths:4 | Found a gateway to a bazaar.
 42580 | Bazaar   | Entered a bazaar
 42594 | Bazaar   | Found Goifip's Antique Armour Emporium.
 42594 | Bazaar   | Found Geruwn's Weapon Shoppe.
 42615 | Bazaar   | Found Conenarr's Magic Scroll Shoppe.
 42621 | Bazaar   | Bought a scroll of fog for 22 gold pieces
 42621 | Bazaar   | Bought a scroll of fear for 38 gold pieces
 42639 | Bazaar   | Found Pan Poerr's General Store.
 42643 | Bazaar   | Bought 50 needles of frenzy for 130 gold pieces
 42660 | Bazaar   | Found Dakalul's Assorted Antiques.
 42664 | Bazaar   | Bought a glowing blowgun for 126 gold pieces
 42664 | Bazaar   | Bought a pair of steaming gloves for 218 gold pieces
 42664 | Bazaar   | Identified the cursed -2 pair of gloves "Lockat" {Str+2}
                  | (You bought it in a shop in a bazaar)
 42664 | Bazaar   | Bought a wand of paralysis (13) for 46 gold pieces
 42664 | Bazaar   | Bought a scroll of amnesia for 80 gold pieces
 42664 | Bazaar   | Bought a scroll of amnesia for 80 gold pieces
 42685 | Bazaar   | Bought a scroll of summoning for 218 gold pieces
 42685 | Bazaar   | Bought a scroll of summoning for 218 gold pieces
 42685 | Bazaar   | Bought a scroll of remove curse for 69 gold pieces
 42685 | Bazaar   | Bought a scroll of remove curse for 69 gold pieces
 42685 | Bazaar   | Bought a scroll of remove curse for 69 gold pieces
 42711 | Bazaar   | Bought a scroll of remove curse for 33 gold pieces
 42711 | Bazaar   | Bought a scroll of remove curse for 33 gold pieces
 42711 | Bazaar   | Bought a scroll of remove curse for 33 gold pieces
 42711 | Bazaar   | Bought a scroll of enchant armour for 82 gold pieces
 42711 | Bazaar   | Bought a scroll of enchant weapon for 82 gold pieces
 42711 | Bazaar   | Bought a scroll of immolation for 38 gold pieces
 42923 | Depths:4 | Found a one-way gate to the infinite horrors of the Abyss.
 42971 | Depths:4 | Identified the cursed +3 battleaxe of Muapast {protect,
                  | rC+}
 43683 | Depths:4 | Noticed a golden dragon
 43695 | Depths:4 | Killed a golden dragon
 43754 | Depths:4 | Noticed a golden dragon
 43754 | Depths:4 | Noticed a Killer Klown
 43942 | Depths:4 | Killed a golden dragon
 44257 | Depths:4 | Killed a Killer Klown
 44340 | Depths:5 | Entered Level 5 of the Depths
 44412 | Depths:5 | Reached XP level 25. HP: 145/159 MP: 44/50
 44468 | Depths:5 | Identified the +7 hunting sling "Gurchut" {velocity, rElec
                  | rPois Int-4 SInv}
 44541 | Depths:5 | Reached skill level 22 in Spellcasting
 44700 | Depths:5 | Learned a level 5 spell: Summon Lightning Spire
 44713 | Depths:5 | Reached skill level 10 in Summonings
 44713 | Depths:5 | Reached skill level 10 in Translocations
 44777 | Depths:5 | Noticed a juggernaut
 44782 | Depths:5 | Noticed a juggernaut
 44784 | Depths:5 | Killed a juggernaut
 44908 | Depths:5 | Killed a juggernaut
 45267 | Depths:4 | Upgraded the game from bcrawl-1.23.3 to bcrawl-1.26.1
 45275 | Depths:4 | Learned a level 6 spell: Borgnjor's Vile Clutch
 45332 | Zig:1    | Entered Level 1 of a ziggurat
 45347 | Zig:2    | Entered Level 2 of a ziggurat
 45360 | Zig:3    | Entered Level 3 of a ziggurat
 45360 | Zig:3    | Found the +5 pair of quick blades "Gyre" and "Gimble"
                  | {pierce}
 45448 | Zig:4    | Entered Level 4 of a ziggurat
 45514 | Zig:5    | Entered Level 5 of a ziggurat
 45590 | Zig:6    | Entered Level 6 of a ziggurat
 45597 | Zig:6    | Noticed Gacunirch the pandemonium lord
 45612 | Zig:6    | Killed Gacunirch the pandemonium lord
 45623 | Zig:6    | Noticed a golden dragon
 45623 | Zig:6    | Noticed a golden dragon
 45648 | Zig:6    | Identified the cursed +1 robe "Soofe" {Slay+2}
 45735 | Zig:7    | Entered Level 7 of a ziggurat
 45740 | Zig:7    | Identified the amulet of Brilliance {Acrobat +Blink MR+
                  | Dex+2 Stlth+}
 45740 | Zig:7    | Identified the +8 battleaxe of Annihilation {protect,
                  | rPois}
 45784 | Zig:7    | Reached skill level 5 in Fire Magic
 45784 | Zig:7    | Reached XP level 26. HP: 164/165 MP: 31/51
 45816 | Zig:8    | Entered Level 8 of a ziggurat
 45829 | Zig:8    | Noticed an ancient lich
 45838 | Zig:8    | Killed an ancient lich
 45948 | Zig:9    | Entered Level 9 of a ziggurat
 46067 | Zig:10   | Entered Level 10 of a ziggurat
 46149 | Zig:10   | Identified the +6 flail of Tenacity {crush, Dex+6}
 46184 | Depths:3 | Learned a level 2 spell: Sublimation of Blood
 46220 | Depths:3 | Learned a level 6 spell: Statue Form
 46277 | Pan      | Entered Pandemonium
 46408 | Pan      | Noticed a golden dragon
 46408 | Pan      | Noticed a golden dragon
 46595 | Pan      | Noticed Iqiwnisi the pandemonium lord
 46612 | Pan      | Killed Iqiwnisi the pandemonium lord
 46747 | Pan      | Gained mutation: Scrolls take you a little longer to read.
                  | [a cacodemon]
 46762 | Pan      | Lost mutation: Scrolls take you a little longer to read.
                  | [potion of mutation]
 46762 | Pan      | Gained mutation: Your spells are a little harder to cast,
                  | but a little more powerful. [potion of mutation]
 46762 | Pan      | Gained mutation: You have very sharp teeth. [potion of
                  | mutation]
 46857 | Pan      | Reached XP level 27. HP: 85/171 MP: 26/51
 46874 | Pan      | Noticed Relezuav the pandemonium lord
 46879 | Pan      | Identified the cursed ring "Becvuc" {Ice Int+4}
 46887 | Pan      | Killed Relezuav the pandemonium lord
 46964 | Pan      | Identified the +6 mace of the Shimmering Saviour {flame,
                  | rC+ rN+ Str-3 Dex+3}
 46992 | Abyss:1  | Escaped into the Abyss
 46994 | Abyss:1  | Found a corrupted altar of Lugonu.
 47013 | Abyss:1  | Found a corrupted altar of Lugonu.
 47037 | Abyss:1  | Identified the cursed amulet of Fallacy {Regen rPois rN+
                  | Int-3} (You acquired it on level 1 of the Abyss)
 47190 | Abyss:1  | Paralysed by accursed screaming for 1 turns
 47338 | Depths:3 | Escaped the Abyss
 47499 | Abyss:2  | Upgraded the game from bcrawl-1.26.1 to bcrawl-1.31.4
 47576 | Abyss:2  | Upgraded the game from bcrawl-1.31.4 to bcrawl-1.32
 47576 | Abyss:2  | Upgraded the game from bcrawl-1.32 to bcrawl-1.36.1
 47786 | Abyss:2  | Identified the cursed +1 hand axe "Fiod" {chop, rPois Str+4
                  | Int-4 Dex+4}
 47972 | Depths:3 | Escaped the Abyss
 48271 | D:$      | Got out of the dungeon!

Skill      XL: |  1  2  3  4  5  6  7  8  9 10 11 12 13 14 15 16 17 18 19 20 21 22 23 24 25 26 27 |
---------------+----------------------------------------------------------------------------------+-----
Dodging        | 3 4 6 7 10 12 14 15 16 17 | 17.6
Spellcasting   | 3 4 5 6 7 9 10 13 15 17 18 19 20 21 22 | 22.0
Ice Magic      | 4 5 7 9 11 13 15 16 17 18 19 20 | 20.5
Fighting       | 1 2 4 6 7 10 | 10.0
Stealth        | 2 |  2.0
Shields        | 1 2 4 6 7 8 14 16 17 18 19 20 21 | 21.5
Conjurations   | 2 3 5 8 9 10 11 12 14 16 17 19 20 | 20.3
Charms         | 1 2 |  2.0
Evocations     | 1 3 4 6 |  6.9
Maces & Flails | 2 3 |  3.0
Summonings     | 1 3 9 10 | 10.2
Transmutations | 1 4 |  4.0
Earth Magic    | 1 4 6 7 12 | 12.6
Necromancy     | 2 3 5 6 |  6.9
Translocations | 8 9 10 | 10.2
Fire Magic     | 5 |  5.8

Action                   |  1- 3 |  4- 6 |  7- 9 | 10-12 | 13-15 | 16-18 | 19-21 | 22-24 | 25-27 || total
-------------------------+-------+-------+-------+-------+-------+-------+-------+-------+-------++-------
Melee: Whip              |    28 |    30 |   122 |   103 |    37 |   113 |    20 |    42 |   265 ||   760
       Unarmed           |       |       |       |       |     5 |       |       |       |       ||     5
       Bite              |       |       |       |       |       |       |       |       |    13 ||    13
Throw: Tomahawk          |       |     1 |       |    34 |     6 |    14 |     3 |     1 |     1 ||    60
 Cast: Freeze            |     6 |    22 |    38 |    80 |   338 |   146 |    13 |    26 |     6 ||   675
       Throw Frost       |    13 |    50 |    21 |       |       |    31 |    18 |   120 |     5 ||   258
       Ozocubu's Armour  |       |     4 |     1 |     7 |    10 |     7 |     1 |     2 |       ||    32
       Throw Icicle      |       |     5 |    48 |   218 |   392 |   223 |    71 |   341 |    29 ||  1327
       Summon Ice Beast  |       |       |     6 |    42 |    63 |    64 |    12 |     1 |       ||   188
       Sticks to Snakes  |       |       |       |     8 |    72 |    63 |    23 |       |       ||   166
       Passwall          |       |       |       |    11 |    38 |    99 |    35 |    15 |    16 ||   214
       Regeneration      |       |       |       |     3 |     9 |    30 |    16 |    18 |    15 ||    91
       Lee's Rapid Decon |       |       |       |       |    34 |     7 |    29 |    53 |    23 ||   146
       Ice Form          |       |       |       |       |     9 |     3 |       |       |       ||    12
       Iskenderun's Batt |       |       |       |       |    71 |    93 |    80 |   169 |    19 ||   432
       Petrify           |       |       |       |       |     1 |     1 |     3 |       |       ||     5
       Ozocubu's Refrige |       |       |       |       |       |    55 |    37 |    33 |     7 ||   132
       Bolt of Cold      |       |       |       |       |       |    67 |   160 |   246 |    68 ||   541
       Malign Gateway    |       |       |       |       |       |     2 |     4 |     5 |    26 ||    37
       Apportation       |       |       |       |       |       |       |       |    25 |    31 ||    56
       Glaciate          |       |       |       |       |       |       |       |     5 |       ||     5
       Borgnjor's Vile C |       |       |       |       |       |       |       |       |    53 ||    53
       Summon Lightning  |       |       |       |       |       |       |       |       |    10 ||    10
       Sublimation of Bl |       |       |       |       |       |       |       |       |     4 ||     4
       Statue Form       |       |       |       |       |       |       |       |       |     3 ||     3
Invok: Curse Item        |       |       |       |     4 |     1 |     3 |     3 |       |     2 ||    13
       Scrying           |       |       |       |       |       |       |       |     2 |       ||     2
 Abil: End Transformatio |       |       |       |       |     7 |     4 |       |       |     1 ||    12
       Stop Flying       |       |       |       |       |     3 |       |       |       |     1 ||     4
       Fly               |       |       |       |       |     3 |       |       |       |       ||     3
       Evoke Blink       |       |       |       |       |       |       |       |       |     1 ||     1
Evoke: Wand              |       |     3 |     4 |     8 |    21 |    30 |    13 |    21 |     8 ||   108
       Box of beasts     |       |       |       |       |     1 |       |       |       |       ||     1
       Lamp of fire      |       |       |       |       |       |     3 |     2 |     2 |       ||     7
       Lightning rod     |       |       |       |       |       |     2 |       |       |       ||     2
  Use: Scroll            |       |     7 |     5 |    13 |     5 |    16 |     9 |     6 |    12 ||    73
       Potion            |       |     3 |     4 |     1 |     4 |    11 |     2 |     1 |     6 ||    32
 Stab: Sleeping          |       |       |     2 |     1 |       |       |       |       |       ||     3
       Petrified         |       |       |       |       |     7 |       |       |       |       ||     7
       Distracted        |       |       |       |       |       |     2 |       |       |       ||     2
       Invisible         |       |       |       |       |       |     2 |       |       |     2 ||     4
       Paralysed         |       |       |       |       |       |       |       |     2 |       ||     2
  Eat: Chunk             |       |     5 |     9 |    13 |    24 |    20 |    16 |    31 |     5 ||   123
       Ration            |       |       |       |     1 |     2 |     2 |     1 |       |     4 ||    10
Armor: Skin              |     5 |     2 |    20 |    16 |    68 |    68 |    12 |    21 |    48 ||   260
Dodge: Dodged            |    18 |    23 |    43 |    74 |   245 |   339 |    62 |    87 |   364 ||  1255
Block: Other             |     3 |     6 |       |       |   112 |    19 |       |       |       ||   140
       Buckler           |       |     4 |    81 |   180 |   145 |   432 |       |       |       ||   842
       Reflection        |       |       |     2 |    16 |    22 |    27 |    67 |    59 |    13 ||   206
       Medium shield     |       |       |       |       |       |     9 |   198 |   267 |   675 ||  1149
